 Dungeon Crawl Stone Soup version 0.31-a0-795-g5eb97db20b (webtiles) character file.

Game seed: 12257868585617784741

64 kiwi3s the Trooper (level 3, -7/51 HPs)
             Began as a Minotaur Berserker on Sept 18, 2023.
             Was a Believer of Trog.
             Mangled by Natasha (9 damage)
             ... on level 3 of the Dungeon.
             The game lasted 00:01:26 (2049 turns).

kiwi3s the Trooper (Minotaur Berserker)             Turns: 2049, Time: 00:01:27

Health: -7/51      AC:  2    Str: 23    XL:     3   Next: 91%
Magic:  2/2        EV: 12    Int:  4    God:    Trog [**....]
Gold:   117        SH:  0    Dex:  9    Spells: 2/2 levels left

rFire   . . .        a - +0 hand axe
rCold   . . .        (no shield)
rNeg    . . .        b - +0 animal skin
rPois   .            (helmet restricted)
rElec   .            (no cloak)
rCorr   .            (no gloves)
SInv    .            (no boots)
Will    .....        (no amulet) Stlth
                     (no ring)
HPRegen 0.28/turn    (no ring)
MPRegen 0.08/turn

%: no passive effects
@: berserking, very quick
A: horns 2, retaliatory headbutt
a: Renounce Religion, Berserk, Trog's Hand


You were on level 3 of the Dungeon.
You worshipped Trog.
Trog was pleased with you.
You visited 1 branch of the dungeon, and saw 3 of its levels.

You collected 117 gold pieces.

Inventory:

Hand Weapons
 a - a +0 hand axe (weapon)
Missiles
 f - a throwing net (quivered)
Armour
 b - a +0 animal skin (worn)
Jewellery
 g - a ring of ice
Scrolls
 e - 2 scrolls of identify {unknown}
 h - a scroll of enchant weapon {unknown}
 j - a scroll of enchant armour {unknown}
 k - 3 scrolls of blinking {unknown}
 l - a scroll of butterflies {unknown}
Potions
 c - a potion of berserk rage {unknown}
 d - 2 potions of brilliance {unknown}
 i - 3 potions of curing {unknown}


   Skills:
 + Level 4.3 Fighting
 + Level 4.2 Axes
 + Level 3.3 Armour
 + Level 3.0 Dodging


You had 2 spell levels left.
You didn't know any spells.
Your spell library was empty.

Dungeon Overview and Level Annotations

Branches:
Dungeon (3/15)

Altars:

Annotations:
D:3 Natasha


Innate Abilities, Weirdness & Mutations

You have a pair of horns on your head.
You reflexively headbutt those who attack you in melee.


Message History

Natasha hisses angrily.
You closely miss Natasha.
Natasha stares at you and mumbles some strange words.
The magic dart hits you!
Natasha is nearby!
Natasha is nearby!
You hit Natasha.
Natasha is lightly wounded.
Natasha closely misses you.
Natasha is nearby!
You hit Natasha. You headbutt Natasha, but do no damage.
Natasha is moderately wounded.
Natasha claws you!
You barely miss Natasha.
Natasha is moderately wounded.
Natasha casts a spell.
You barely miss Natasha.
Natasha is moderately wounded.
Natasha claws you.
The cerulean imp hits you from afar with a +2 spear.
You are too injured to fight recklessly!
You closely miss Natasha. Your headbutt misses Natasha.
Natasha is moderately wounded.
Natasha claws you.
* * * LOW HITPOINT WARNING * * *
The cerulean imp hits you from afar with a +2 spear.
* * * LOW HITPOINT WARNING * * *
You are too injured to fight recklessly!
Unknown command.
A red film seems to cover your vision as you go berserk!
You feel yourself moving faster!
You feel mighty! Natasha casts a spell at you. The magic dart hits you.
* * * LOW HITPOINT WARNING * * *
The cerulean imp closely misses you.
You barely miss Natasha.
Natasha is moderately wounded.
Natasha claws you!
You die...
Natasha begins licking her fur clean.

...........>#
###.......#.#
.# #.......#.#
.# ###.....#.#
.# #)....#.# .#
#.....#.# .#
#.....#.# 5#
#.....#)#####h#
#.....#.#...@.#
#######.#.#####
#)#.# #.#.#
#.#.# . #.#.#
.# #.#.# .# ###
#.#.# .##..#
####.#.#


You could see Natasha and a cerulean imp (summoned).

Vanquished Creatures
  An adder (D:3)
  A worm (D:3)
  2 dart slugs
  An orc (D:3)
  3 ball pythons
  4 endoplasms
  7 giant cockroaches
  3 goblins
  5 hobgoblins
  2 quokkas
  4 bats
  2 frilled lizards
  4 kobolds
  2 rats
41 creatures vanquished.

Notes
Turn   | Place    | Note
-------+----------+-------------------------------------------
     0 | D:1      | kiwi3s the Minotaur Berserker began the quest for the Orb.
     0 | D:1      | Reached XP level 1. HP: 19/19 MP: 0/0
   470 | D:1      | Reached XP level 2. HP: 27/27 MP: 1/1
  1359 | D:2      | Found a faded altar of an unknown god.
  1367 | D:2      | Reached XP level 3. HP: 31/33 MP: 2/2
  1795 | D:3      | Reached ** piety under Trog
  2041 | D:3      | Noticed Natasha
  2048 | D:3      | HP: 2/51 [Natasha/magic dart (6)]
  2049 | D:3      | Mangled by Natasha

Illustrated notes

Levels and vault maps discovered:
D:1:      moated_graveyard_arrival, layout_basic, serial_glass, glass_columns_b,
          glass_columns_a, minmay_pentomino_w2
D:2:      layout_basic, nicolae_ecumenical_pavilion, minmay_misc_feat_alley
D:3:      layout_basic, amcnicky_mini_pool_small, minmay_checkerbox,
          uniq_natasha, uniq_grinder

Skill      XL: |  1  2  3 |
---------------+----------+-----
Fighting       | 4 |  4.3
Axes           | 4 |  4.2
Armour         | 3 |  3.3
Dodging        | 3 |  3.0

Action                     || total
---------------------------++-------
  Melee: Hand axe          ||   102
         Headbutt          ||    12
         Punch             ||     1
 Invoke: Berserk           ||     1
   Stab: Sleeping          ||     1
 Armour: Animal skin       ||    49
  Dodge: Dodged            ||    53

Table legend: (Time is in decaauts)
 A = Elapsed time spent in this place.
 B = Non-inter-level travel time spent in this place.
 C = Inter-level travel time spent in this place.
 D = Time resting spent in this place.
 E = Time spent auto-exploring this place.
 F = Levels seen in this place.
 G = Mean time per level.
                   A        B        C        D        E       F      G
               +--------+--------+--------+--------+--------+-----+--------+
         Total |   2059 |   1913 |    146 |      0 |   1656 |   3 |  686.3 |
       Dungeon |   2059 |   1913 |    146 |      0 |   1656 |   3 |  686.3 |
               +--------+--------+--------+--------+--------+-----+--------+

Top non-repeatable levels by time:
     D:1: 1167 daAuts
     D:2: 490 daAuts
     D:3: 401 daAuts
